 Dungeon Crawl Stone Soup version 0.31-a0-640-g39d97e502b (webtiles) character file.

Game seed: 11165621361824906004

2303 avis the Cleaver (level 9, -17/74 HPs)
             Began as a Hill Orc Monk on Aug 28, 2023.
             Was a Believer of Beogh.
             Demolished by Pikel
             ... wielding a +2 whip of electrocution
              (20 damage)
             ... on level 6 of the Dungeon.
             The game lasted 00:48:50 (7650 turns).

avis the Cleaver (Hill Orc Monk)                    Turns: 7650, Time: 00:48:51

Health: -17/74     AC:  9    Str: 21    XL:     9   Next: 40%
Magic:  6/12       EV: 10    Int: 16    God:    Beogh [**....]
Gold:   228        SH:  0    Dex: 13    Spells: 5/8 levels left

rFire   . . .        a - +0 war axe
rCold   . . .        (no shield)
rNeg    . . .        V - +3 scale mail {rPois}
rPois   +            (no helmet)
rElec   .            l - scarf of the World {+Inv, Will+ Str+3}
rCorr   .            (no gloves)
SInv    .            (no boots)
Will    +....        (no amulet) Stlth
                     s - ring of wizardry
HPRegen 0.32/turn    W - +6 ring of intelligence
MPRegen 0.13/turn

%: wizardry (x1)
@: swift, very slightly contaminated, very quick
A: no striking features
a: Renounce Religion, Evoke Invisibility, Smiting


You were on level 6 of the Dungeon.
You worshipped Beogh.
Beogh was pleased with you.
You visited 2 branches of the dungeon, and saw 7 of its levels.
You also visited: Sewer and Ossuary.

You collected 228 gold pieces.

Inventory:

Hand Weapons
 a - a +0 war axe (weapon)
 b - a +0 trident
 p - a +0 orcbow
 u - a +2 flail of freezing
 D - a +4 halberd
 L - a +2 dagger of venom
 P - a +0 spear
 R - a +0 rapier of venom
 U - a +5 flail of protection
Missiles
 j - 4 boomerangs
 n - a throwing net
 A - 7 poisoned darts (quivered)
Armour
 d - a +0 robe of fire resistance
 f - a +0 chain mail
 l - the scarf of the World (worn) {+Inv, Will+ Str+3}
   (You found it on level 2 of the Dungeon)

   Str+3:     It affects your strength (+3).
   Will+:     It increases your willpower.
 m - a +0 plate armour
 I - a +0 chain mail
 S - a +0 chain mail
 T - a +0 plate armour
 V - a +3 scale mail of poison resistance (worn)
Jewellery
 s - a ring of wizardry (left hand)
 W - a +6 ring of intelligence (right hand)
Talismans
 r - a blade talisman
Wands
 t - a wand of charming (6)
 N - a wand of iceblast (8)
 Q - a wand of polymorph (8)
Scrolls
 h - 3 scrolls of amnesia {unknown}
 o - 2 scrolls of vulnerability {unknown}
 x - a scroll of butterflies {unknown}
 y - 2 scrolls of blinking {unknown}
 z - a scroll of brand weapon {unknown}
 C - 2 scrolls of revelation {unknown}
 E - 2 scrolls of enchant armour {unknown}
 G - 3 scrolls of teleportation {unknown}
 H - a scroll of poison {unknown}
 J - a scroll of identify
 K - a scroll of noise {unknown}
 M - a scroll of fog {unknown}
Potions
 c - 2 potions of ambrosia
 e - 3 potions of curing
 g - 3 potions of might
 i - 3 potions of enlightenment {unknown}
 k - a potion of haste
 q - 2 potions of heal wounds
 v - a potion of mutation {unknown}
 w - a potion of invisibility {unknown}
 B - a potion of brilliance {unknown}
 F - a potion of magic {unknown}
 O - 2 potions of degeneration {unknown}


   Skills:
 - Level 5.0 Fighting
 + Level 12.5 Axes
 - Level 1.0 Armour
 - Level 2.4 Dodging
 - Level 5.0 Air Magic
 + Level 5.3 Invocations


You had 5 spell levels left.
You knew the following spells:

 Your Spells              Type           Power      Damage    Failure   Level
a - Swiftness             Air            16%        N/A       11%         3

Your spell library contained the following spells:

 Spells                   Type           Power      Damage    Failure   Level
 Static Discharge         Conj/Air       16%        2-3/arc   16%         2
 Kiss of Death            Conj/Necr      0%         2d5       26%         1
 Magic Dart               Conj           0%         1d3       26%         1
 Sandblast                Erth           0%         2d4       26%         1
 Airstrike                Air            8%         2d(2-18)  32%         4
 Call Imp                 Summ           0%         N/A       38%         2
 Ensorcelled Hibernation  Hex/Ice        0%         N/A       38%         2
 Passwall                 Tmut/Erth      0%         N/A       38%         2
 Mephitic Cloud           Conj/Pois/Air  5%         N/A       38%         3
 Confusing Touch          Hex            0%         N/A       61%         3
 Summon Lightning Spire   Summ/Air       8%         N/A       65%         4
 Dispel Undead            Necr           0%         3d6       93%         4


Dungeon Overview and Level Annotations

Branches:
Dungeon (6/15)             Temple (1/1) D:4           Sewer (visited)
Ossuary (visited)

Altars:
Ashenzari
Cheibriados
Dithmenos
Elyvilon
Fedhas
Gozag
Hepliaklqana
Makhleb
Nemelex Xobeh
Okawaru
Qazlal
Ru
Sif Muna
Trog
Vehumet
Wu Jian
Yredelemnul
Zin
The Shining One

Shops:
D:3 *   D:4 :

Annotations:
D:6 Pikel


Message History

You hit the lemure.
Pikel hits you with a +2 whip of electrocution.
The lemure barely misses you.
You hit Pikel but do no damage. Your punch misses Pikel.
Pikel is moderately wounded.
You barely miss the lemure. Pikel closely misses you. The lemure hits you.
You hit Pikel but do no damage.
Pikel is moderately wounded.
You hit the lemure. You closely miss the lemure.
Pikel hits you with a +2 whip of electrocution!
You are electrocuted!
The lemure hits you. x2
You completely miss Pikel.
Pikel is moderately wounded.
You hit the lemure. You barely miss the lemure.
Pikel hits you with a +2 whip of electrocution.
The lemure hits you. The lemure hits you but does no damage.
You barely miss Pikel.
Pikel is moderately wounded.
You closely miss the lemure. You slash the lemure!
Pikel hits you with a +2 whip of electrocution.
You are electrocuted!
* * * LOW HITPOINT WARNING * * *
The lemure barely misses you. The lemure closely misses you.
Pikel attacks as he pursues you!
Pikel hits you with a +2 whip of electrocution.
* * * LOW HITPOINT WARNING * * *
Casting: Swiftness (dangerous; 11% risk of failure)
Confirm with . or Enter, or press ? or * to list all spells.
You miscast Swiftness.
You are very lightly contaminated with residual magic.
Nothing appears to happen.
Pikel hits you but does no damage.
Casting: Swiftness (dangerous; 11% risk of failure)
Confirm with . or Enter, or press ? or * to list all spells.
You feel quick. The lemure hits you.
* * * LOW HITPOINT WARNING * * *
Pikel hits you with a +2 whip of electrocution.
* * * LOW HITPOINT WARNING * * *
You are electrocuted!!
You die...
Pikel says, "Another soul for the market."

# $...%...# #.# #
........# #.# #
........# #.# #
........####.# # #
............)###.###.
#
.........####<.......
# ....^....#
#.......## ..
.......5.###.####....
.(# ####....5K@..#
.#. ...# #.....5####
...# #......#
#......# #......#
#.###### #. #


You could see Pikel and 3 lemures.

Vanquished Creatures
  An unseen horror (D:5)
  Eustachio (D:5)
  2 wraiths (Ossuary)
  A steam dragon (D:6)
  Edmund (D:5)
  An orc warrior (D:5)
  3 ogres
  A centaur (D:5)
  A lemure (D:5)
  A phantom (D:5)
  A kobold brigand (Sewer)
  Blork the orc (D:5)
  3 wights (Ossuary)
  2 hounds
  2 jellies
  2 orc priests (D:5)
  A sleepcap (D:5)
  An iguana (D:5)
  3 orc wizards
  4 gnolls
  11 adders
  3 river rats (Sewer)
  An ufetubus (D:5)
  An adder zombie (Ossuary)
  2 worms
  7 orcs
  3 bats
  17 endoplasms
  A giant cockroach (D:2)
  14 goblins
  4 hobgoblins
  4 jackals (Sewer)
  13 kobolds
  3 quokkas (D:1)
  13 ball pythons
  A ball python skeleton (Ossuary)
  6 frilled lizards
  3 hobgoblin skeletons (Ossuary)
  A hobgoblin zombie (Ossuary)
  2 orc skeletons (Ossuary)
  An orc zombie (Ossuary)
  13 rats
157 creatures vanquished.

Vanquished Creatures (others)
  An orc priest (D:4)
  An orc (D:4)
2 creatures vanquished.

Grand Total: 159 creatures vanquished

Notes
Turn   | Place    | Note
-------+----------+-------------------------------------------
     0 | D:1      | avis the Hill Orc Monk began the quest for the Orb.
     0 | D:1      | Reached XP level 1. HP: 19/19 MP: 1/1
   152 | D:1      | Reached XP level 2. HP: 22/26 MP: 2/2
   218 | D:1      | Reached skill level 5 in Axes
   464 | D:1      | Reached XP level 3. HP: 25/31 MP: 3/3
   635 | D:1      | Reached skill level 1 in Invocations
   821 | D:2      | Identified the scarf of the World {+Inv, Will+ Str+3}
   892 | D:1      | Reached XP level 4. HP: 17/39 MP: 5/5
   991 | D:1      | Reached skill level 6 in Axes
   997 | D:1      | Learned a level 3 spell: Swiftness
  1815 | D:2      | Reached XP level 5. HP: 30/45 MP: 6/6
  1838 | D:2      | Reached skill level 1 in Air Magic
  2057 | D:3      | Found an ornate altar of the Wu Jian Council.
  2326 | D:3      | Found Plog's General Store.
  2405 | D:3      | Reached skill level 7 in Axes
  2410 | D:3      | Found a glowing drain.
  2419 | Sewer    | Entered a sewer
  2625 | Sewer    | Reached XP level 6. HP: 50/51 MP: 7/7
  2900 | Sewer    | Reached skill level 8 in Axes
  3177 | D:3      | Found a faded altar of an unknown god.
  3186 | D:3      | Got Plato's Treatise on Metal
  4108 | D:4      | Reached XP level 7. HP: 59/59 MP: 8/8
  4222 | D:4      | Found Emuzeup's Tiny Tomes.
  4284 | D:4      | Became a worshipper of Beogh the Brigand
  4284 | D:4      | Reached * piety under Beogh
  4284 | D:4      | Reached ** piety under Beogh
  4495 | D:4      | Reached skill level 9 in Axes
  4623 | D:4      | Found a staircase to the Ecumenical Temple.
  5120 | Temple   | Entered the Ecumenical Temple
  5138 | D:5      | Entered Level 5 of the Dungeon
  5138 | D:5      | Noticed Blork the orc
  5147 | D:5      | Killed Blork the orc
  5418 | D:5      | Reached XP level 8. HP: 26/66 MP: 9/9
  5623 | D:5      | Found a sand-covered staircase.
  5630 | Ossuary  | Entered an ossuary
  5815 | Ossuary  | Noticed a wraith
  5815 | Ossuary  | Noticed a flying skull
  5822 | Ossuary  | Noticed a flying skull
  5833 | Ossuary  | Reached skill level 10 in Axes
  5846 | Ossuary  | Noticed a flying skull
  5918 | Ossuary  | Noticed a wraith
  5928 | Ossuary  | Killed a wraith
  5929 | Ossuary  | Reached skill level 5 in Air Magic
  6000 | Ossuary  | Noticed a flying skull
  6027 | Ossuary  | Noticed a flying skull
  6032 | Ossuary  | Noticed a wraith
  6038 | Ossuary  | Killed a wraith
  6077 | Ossuary  | Reached skill level 11 in Axes
  6272 | D:5      | Noticed Eustachio
  6292 | D:5      | Killed Eustachio
  6703 | D:5      | Killed an unseen horror
  6704 | D:5      | Reached skill level 12 in Axes
  6704 | D:5      | Reached XP level 9. HP: 36/73 MP: 0/11
  7001 | D:5      | Reached skill level 5 in Fighting
  7039 | D:6      | Noticed Edmund
  7071 | D:5      | Killed Edmund
  7072 | D:5      | Reached skill level 1 in Armour
  7244 | D:6      | Reached skill level 5 in Invocations
  7636 | D:6      | Noticed Pikel
  7650 | D:6      | HP: 3/74 [Pikel/+2 whip of electrocution (6)]
  7650 | D:6      | Demolished by Pikel

Illustrated notes

Levels and vault maps discovered:
D:1:      erik_arrival_triangle_medium, layout_loops_ring,
          minmay_misc_feat_nine_boxes, nrook_loot_triangle
D:2:      cheibrodos_fertilizer, layout_basic
D:3:      layout_basic, mainiacjoe_overflow_chevrons,
          shapermc_ecumenical_altar_rom_forum, portal_sewer_entry_d,
          serial_shops, shop, minmay_misc_feat_encased,
          nicolae_elevator_lobby_plus
D:4:      kennysheep_big_flooded_room, layout_rooms, minmay_temple_entry_hall,
          minivault_14, nicolae_shop_i_like_small_books_too
D:5:      layout_loops_cross, nicolae_ossuary_entry_plus,
          kennysheep_small_circle, uniq_eustachio, uniq_blork_the_orc
D:6:      layout_basic, guppyfry_shop_venom, uniq_edmund, uniq_pikel
Temple:   nicolae_temple_bog_church

Skill      XL: |  1  2  3  4  5  6  7  8  9 |
---------------+----------------------------+-----
Axes           | 5 6 7 8 9 12 | 12.5
Invocations    | 1 2 3 5 |  5.3
Air Magic      | 1 2 4 5 |  5.0
Fighting       | 4 5 |  5.0
Armour         | 1 |  1.0
Dodging        | |  2.4

Action                     |  1- 3 |  4- 6 |  7- 9 || total
---------------------------+-------+-------+-------++-------
  Melee: Hand axe          |    93 |    24 |       ||   117
         War axe           |       |   203 |   251 ||   454
         Punch             |       |       |     3 ||     3
  Throw: Dart              |       |     2 |     2 ||     4
   Cast: Swiftness         |       |     1 |     1 ||     2
 Invoke: Convert to Beogh  |       |       |     1 ||     1
         Smiting           |       |       |     3 ||     3
Ability: Evoke Invisibilit |       |       |     1 ||     1
  Evoke: Wand              |       |       |     2 ||     2
    Use: Scroll            |       |     5 |     1 ||     6
         Potion            |       |     2 |     4 ||     6
 Armour: Robe              |    16 |     2 |       ||    18
         Leather armour    |       |     9 |       ||     9
         Scale mail        |       |    58 |    11 ||    69
         Chain mail        |       |     1 |   105 ||   106
  Dodge: Dodged            |    49 |   103 |    91 ||   243

Table legend: (Time is in decaauts)
 A = Elapsed time spent in this place.
 B = Non-inter-level travel time spent in this place.
 C = Inter-level travel time spent in this place.
 D = Time resting spent in this place.
 E = Time spent auto-exploring this place.
 F = Levels seen in this place.
 G = Mean time per level.
                   A        B        C        D        E       F      G
               +--------+--------+--------+--------+--------+-----+--------+
         Total |   7856 |   7219 |    637 |   2127 |   2209 |   9 |  872.9 |
       Dungeon |   6362 |   5725 |    637 |   1672 |   2022 |   6 | 1060.3 |
        Temple |     11 |     11 |      0 |      0 |      0 |   1 |   11.0 |
         Sewer |    828 |    828 |      0 |     97 |    187 |   1 |  828.0 |
       Ossuary |    654 |    654 |      0 |    358 |      0 |   1 |  654.0 |
               +--------+--------+--------+--------+--------+-----+--------+

Top non-repeatable levels by time:
     D:5: 1470 daAuts
     D:3: 1339 daAuts
     D:1: 1125 daAuts
     D:4: 1098 daAuts
     D:2: 1031 daAuts
   Sewer: 828 daAuts
 Ossuary: 654 daAuts
     D:6: 295 daAuts
  Temple: 11 daAuts
